 Dungeon Crawl Stone Soup version 0.20.0-15-g7f486f2 (webtiles) character file.

274 renl the Chopper (level 6, 0/79 HPs)
             Began as a Hill Orc Monk on June 24, 2017.
             Slain by a hippogriff (2 damage)
             ... on level 4 of the Dungeon.
             The game lasted 00:21:21 (3587 turns).

renl the Chopper (Hill Orc Monk)                    Turns: 3587, Time: 00:21:22

Health: 0/79       AC: 23    Str: 15 (16) XL:     6   Next: 24%
Magic:  6/6        EV:  2    Int:  8 (10) God:
Gold:   95         SH:  0    Dex: 15 (18) Spells: 5/5 levels left

rFire    . . .     SeeInvis +   a - +0 hand axe
rCold    . . .     Gourm    .   (no shield)
rNeg     + + +     Faith    .   (armour currently unavailable)
rPois    +         Spirit   .   (helmet currently unavailable)
rElec    .         Reflect  .   (cloak currently unavailable)
rCorr    .         Harm     .   (gloves currently unavailable)
MR       .....     NoTele   +   (boots currently unavailable)
Stlth    +++.......             (no amulet)
Regen    0.3/turn               r - ring of see invisible (curse)
MPRegen  0.1/turn               (no ring)

@: agile, tree-form
A: no striking features
a: no special abilities


You were on level 4 of the Dungeon.
You were very hungry.
You were a tree.
You visited 1 branch of the dungeon, and saw 5 of its levels.

You collected 95 gold pieces.

Inventory:

Hand Weapons
 a - a +0 hand axe (weapon)
Missiles
 s - 8 javelins (quivered)
Armour
 i - a +0 helmet (melded)
 l - a +0 chain mail (melded)
Jewellery
 r - a cursed ring of see invisible (left branch)
Scrolls
 g - 7 scrolls of identify {unknown}
 h - 4 scrolls of remove curse {unknown}
 j - 5 scrolls of teleportation {unknown}
 k - 2 scrolls of immolation {unknown}
 q - 2 scrolls of enchant armour {unknown}
Potions
 b - 2 potions of might {unknown}
 f - a potion of lignification
Books
 e - a book of Cantrips

   Spells                             Type                      Level
   a - Confusing Touch                Hexes                        1
   b - Animate Skeleton               Necromancy                   1
   c - Summon Small Mammal            Summoning                    1
   d - Apportation                    Translocation                1
Comestibles
 c - a bread ration
 o - 2 meat rations


   Skills:
 + Level 4.6 Fighting
 * Level 7.7 Axes
 + Level 2.3 Armour
 - Level 2.4 Dodging
 - Level 1.5 Stealth


You had 5 spell levels left.
You didn't know any spells.

Dungeon Overview and Level Annotations

Branches:
Dungeon (5/15)
 Temple: D:4-7

Altars:

Shops:
D:4 (

Annotations:
D:4 Dowan, Duvessa, Pikel


Message History

The hippogriff is heavily wounded.
The hippogriff bites you but does no damage.
The hippogriff pecks you but does no damage.
The hippogriff claws you but does no damage.
You hit the hippogriff.
The hippogriff is severely wounded.
The hippogriff bites you but does no damage.
The hippogriff pecks you but does no damage.
The hippogriff claws you but does no damage.
You slash the hippogriff!
The hippogriff is almost dead.
You barely miss the hippogriff.
The hippogriff is almost dead.
The hippogriff bites you but does no damage.
The hippogriff pecks you but does no damage.
The hippogriff claws you but does no damage.
You hit the hippogriff.
The hippogriff is almost dead.
The hippogriff barely misses you. The hippogriff pecks you.
You die...

..### #............#
###..### ....##
#...........#####..#....
.....##
##..........###...###...
......#####.........###..###
#...
.........##........##..###
##..
......................## #..
........##....#......## ###
.........####.#..H.#.####
..........# ##..♣###....##
##### ..........# ##.##
##....###...## ..........##
#.####......#......
...........#
##.##..............
...........#
#.#..#..........#.
..........##
###..##..........##
.........##
###..................
........##
##..........######....
#......## ##..........##
##...


You could see a hippogriff.

Vanquished Creatures
  A jelly (D:5)
  A centaur skeleton (D:5)
  An iguana (D:4)
  Ijyb (D:4)
  Robin (D:4)
  3 adders
  2 oozes
  4 worms
  2 dart slugs (D:1)
  3 orcs
  A ball python (D:3)
  8 giant cockroaches
  11 goblins
  10 hobgoblins
  13 jackals
  2 quokkas (D:2)
  8 bats
  2 frilled lizards
  11 kobolds
  10 rats
95 creatures vanquished.

Notes
Turn   | Place    | Note
-------+----------+-------------------------------------------
     0 | D:1      | renl the Hill Orc Monk began the quest for the Orb.
     0 | D:1      | Reached XP level 1. HP: 19/19 MP: 1/1
   101 | D:1      | Reached XP level 2. HP: 17/27 MP: 2/2
   222 | D:1      | Reached skill level 5 in Axes
   230 | D:1      | Reached XP level 3. HP: 14/33 MP: 3/3
   998 | D:2      | Reached XP level 4. HP: 32/40 MP: 4/4
  1236 | D:2      | Reached skill level 6 in Axes
  2229 | D:3      | Reached XP level 5. HP: 42/47 MP: 5/5
  2386 | D:4      | Noticed Ijyb
  2407 | D:4      | Paralysed by Ijyb for 2 turns
  2415 | D:4      | Paralysed by Ijyb for 5 turns
  2426 | D:4      | Paralysed by Ijyb for 4 turns
  2442 | D:4      | Killed Ijyb
  2442 | D:4      | Reached skill level 1 in Armour
  2485 | D:4      | Noticed Robin
  2510 | D:4      | Killed Robin
  2663 | D:4      | Noticed Duvessa
  2679 | D:4      | Noticed Dowan
  2681 | D:5      | Entered Level 5 of the Dungeon
  2718 | D:5      | Reached skill level 7 in Axes
  2794 | D:5      | Reached XP level 6. HP: 18/53 MP: 6/6
  2883 | D:5      | Noticed a hippogriff
  2984 | D:4      | Noticed a slave
  2986 | D:4      | Noticed Pikel
  2986 | D:4      | Noticed a slave
  2989 | D:4      | Noticed a slave
  3157 | D:4      | Found Hemet's Antique Weapon Boutique.
  3578 | D:4      | HP: 3/79 [hippogriff (4)]
  3579 | D:4      | HP: 1/79 [hippogriff (2)]
  3587 | D:4      | Slain by a hippogriff

Skill      XL: |  1  2  3  4  5 |
---------------+----------------+-----
Axes           | 5 6 7 |  7.7
Fighting       | 4 |  4.6
Armour         | 2 |  2.3
Dodging        | |  2.4
Stealth        | |  1.5

Action                   |  1- 3 |  4- 6 || total
-------------------------+-------+-------++-------
Melee: Hand axe          |   168 |   298 ||   466
  Use: Potion            |       |     4 ||     4
       Scroll            |       |     3 ||     3
 Stab: Sleeping          |     2 |       ||     2
  Eat: Chunk             |     1 |     7 ||     8
Armor: Robe              |     6 |       ||     6
       Ring mail         |    42 |    34 ||    76
       Chain mail        |       |   119 ||   119
       Skin              |       |    36 ||    36
Dodge: Dodged            |   122 |   135 ||   257
